Monsters vs Griffins

Created - Sunday, March 06, 2016 at 03:58

Goals
1 2 3 T
Monsters 0 0 1 1
Griffins 5 6 2 13
Shots
1 2 3 T
Monsters 3 16 11 30
Griffins 7 10 5 22

1st period

1. Griffins , T.J. Hensick 7 (Joel Armia) at 9:52
2. Griffins , T.J. Hensick 8 (Mike Angelidis, Jyrki Jokipakka) at 11:22
3. Griffins , Mike Angelidis 9 (Taylor Aronson) at 12:19
4. Griffins , Damien Brunner 24 (Scott Valentine) at 14:39
5. Griffins , Michael Bournival 24 (Steve Bernier) at 19:58

Penalties :
Mike Angelidis (GRG) for Fighting (Major) at 5:23, Troy Rutkowski (LEM) for Fighting (Major) at 5:23, Steven Pinizzotto (LEM) for Roughing (Minor) at 14:49

2nd period

6. Griffins , Mark Alt 1 (Mike Angelidis) at 2:01 (SH)
7. Griffins , Michael Bournival 25 (Tim Schaller) at 9:08 (SH)
8. Griffins , Mike Angelidis 10 (Joel Armia, T.J. Hensick) at 12:32
9. Griffins , Steve Bernier 11 (Michael Bournival) at 12:50
10. Griffins , Michael Bournival 26 (Mark Alt, Steve Bernier) at 18:34
11. Griffins , Jyrki Jokipakka 12 (T.J. Hensick) at 18:40

Penalties :
Matt Frattin (GRG) for Fighting (Major) at 0:13, Mitch Callahan (LEM) for Fighting (Major) at 0:13, Matt Frattin (GRG) for instigated a fight (Minor) at 0:13, Matt Frattin (GRG) for instigated a fight (10 Minutes Misconduct) at 0:13, Mark Mancari (GRG) for Fighting (Major) at 2:35, Troy Rutkowski (LEM) for Fighting (Major) at 2:35, Mike Angelidis (GRG) for Fighting (Major) at 4:31, Blair Riley (LEM) for Fighting (Major) at 4:31, Damien Brunner (GRG) for Roughing (Minor) at 8:15, Joel Armia (GRG) for Hooking (Minor) at 13:31, Taylor Aronson (GRG) for High sticking (Minor) at 19:14

3rd period

12. Monsters , FARM PLAYER13 2 (Viktor Arvidsson, Jordan Weal) at 8:19 (PP)
13. Griffins , Mark Mancari 4 (Michael Bournival, Nicklas Grossmann) at 8:34
14. Griffins , Michael Bournival 27 (Nicklas Grossmann) at 19:20

Penalties :
Taylor Aronson (GRG) for Fighting (Major) at 3:28, Quinton Howden (LEM) for Fighting (Major) at 3:28, Jordan Weal (LEM) for Roughing (Minor) at 3:51, Mike Angelidis (GRG) for Roughing (Minor) at 7:14, Matt MacKenzie (LEM) for Interference (Minor) at 9:51, Mike Angelidis (GRG) for Holding (Minor) at 12:14, Joel Armia (GRG) for Tripping (Minor) at 14:29

Goalie Stats

FARM GOALIE1 (LEM), 5 saves from 14 shots - (0.357), L, 0-29-0, 42:07 minutes
FARM GOALIE2 (LEM), 4 saves from 8 shots - (0.500), 17:53 minutes
Anton Forsberg (GRG), 29 saves from 30 shots - (0.967), W, 24-17-11, 60:00 minutes

Players Stats for Monsters

Player Name              G  A  P  +/- PIM S  H  SB GA TA FO     MP     PP MP  PK MP  
------------------------------------------------------------------------------------
Barclay Goodrow          0  0  0  -3  0   1  1  2  0  1  5/13   12:46   0:00   4:07 
Blair Riley              0  0  0  -2  5   0  0  0  2  0  0/0     7:21   0:00   0:23 
Cal O'Reilly             0  0  0  -3  0   0  1  1  1  2  0/0    10:33   0:00   0:00 
Charles Hudon            0  0  0  -3  0   2  1  0  0  0  1/1     6:21   2:08   0:00 
Chase Balisy             0  0  0  -2  0   0  1  0  0  0  2/3     7:48   0:00   0:00 
FARM PLAYER13            1  0  1  -2  0   1  1  0  1  0  0/0    21:37   4:02   3:27 
FARM PLAYER16            0  0  0  -5  0   0  0  0  0  0  1/2    17:58   0:59   1:06 
Jeff Hoggan              0  0  0  -3  0   0  0  0  1  0  0/0    13:52   0:00   2:24 
Jordan Weal              0  1  1  -4  2   3  1  0  5  3  12/18  21:35   5:59   2:52 
Kris Fredheim            0  0  0  -4  0   2  0  0  0  1  0/0    11:00   0:00   0:00 
Mac Bennett              0  0  0  -7  0   0  2  0  1  4  0/0    27:23   7:58   3:18 
Matt MacKenzie           0  0  0  -7  2   0  2  0  0  0  0/0    27:03   8:48   2:09 
Mitch Callahan           0  0  0  -3  5   4  1  0  4  0  0/0    21:44   5:23   0:39 
Quinton Howden           0  0  0  -4  5   5  0  1  1  1  0/0    17:37   5:52   0:00 
Scott Timmins            0  0  0  -4  0   2  0  1  1  1  4/14   17:01   6:36   0:00 
Steven Pinizzotto        0  0  0  -4  2   5  1  0  2  1  1/3    16:50   6:36   0:17 
Troy Rutkowski           0  0  0  -1  10  1  1  0  1  3  0/0    16:32   4:11   3:06 
Viktor Arvidsson         0  1  1  -4  0   4  2  0  4  1  0/1    18:54   6:23   0:00 

Players Stats for Griffins

Player Name              G  A  P  +/- PIM S  H  SB GA TA FO     MP     PP MP  PK MP  
------------------------------------------------------------------------------------
Damien Brunner           1  0  1   1  2   1  0  1  4  0  7/13   24:26   3:13   6:47 
Dylan Reese              0  0  0   3  0   0  0  0  0  1  0/0    21:58   2:13   5:43 
Joel Armia               0  2  2   5  4   4  1  0  6  0  0/0    13:03   0:00   0:00 
John McFarland           0  0  0   0  0   0  1  0  0  0  0/0     5:26   0:00   0:00 
Jyrki Jokipakka          1  1  2   5  0   1  0  2  0  4  0/0    27:49   3:44   9:45 
Logan Shaw               0  0  0   0  0   0  0  0  0  0  0/0     4:36   0:00   0:00 
Mark Alt                 1  1  2   3  0   1  6  1  0  1  0/0    20:17   2:13   3:49 
Mark Mancari             1  0  1   5  5   1  2  0  1  2  0/0    15:11   2:44   0:14 
Matt Frattin             0  0  0   1  17  0  0  1  4  0  0/0    12:40   3:13   2:29 
Michael Bournival        4  2  6   6  0   5  1  1  3  0  5/16   20:21   2:44   3:15 
Mike Angelidis           2  2  4   5  14  5  2  0  2  1  0/0    13:08   2:44   0:42 
Nicklas Grossmann        0  2  2   5  0   0  1  2  0  0  0/0    12:42   0:00   0:00 
Scott Valentine          0  1  1   5  0   0  3  0  0  1  0/0    14:53   1:20   0:00 
Stefan Matteau           0  0  0   2  0   0  4  0  1  1  1/3    11:06   0:00   3:42 
Steve Bernier            1  2  3   5  0   1  0  0  1  0  0/0    13:27   0:00   0:00 
T.J. Hensick             2  2  4   5  0   3  0  0  0  0  5/8    12:12   0:00   0:00 
Taylor Aronson           0  1  1   5  7   0  0  2  0  0  0/0    22:32   2:24   6:41 
Tim Schaller             0  1  1   2  0   0  1  0  2  3  11/15  21:10   3:13   8:56 

3 Stars

1 - Michael Bournival (GRG)
2 - T.J. Hensick (GRG)
3 - Steve Bernier (GRG)

Power Play

Monsters - 1 on 7 Attempt(s) - 14.29%
Griffins - 0 on 3 Attempt(s) - 0.00%

Penalty Kill

Monsters - 3 on 3 Attempt(s) - 100.00% - Score 0 goal in Penalty Kill
Griffins - 6 on 7 Attempt(s) - 85.71% - Score 2 goal in Penalty Kill

Team Stat

Monsters - Hits : 15 - Faceoff Wins : 26 - Blocked Shots : 5 - Penalty Minutes : 31
Griffins - Hits : 22 - Faceoff Wins : 29 - Blocked Shots : 10 - Penalty Minutes : 49

Official

Referees : Unknown
Linesman : Unknown

Game Notes

Mike Angelidis and Troy Rutkowski fight to a draw at 5:23 of 1st period
FARM GOALIE2 enters game at 14:39 of 1st period
Matt Frattin beats up Mitch Callahan at 0:13 of 2nd period
Troy Rutkowski beats up Mark Mancari at 2:35 of 2nd period
Mike Angelidis and Blair Riley fight to a draw at 4:31 of 2nd period
FARM GOALIE1 enters game at 12:32 of 2nd period
Michael Bournival has scored a Hat Trick!
Taylor Aronson and Quinton Howden fight to a draw at 3:28 of 3rd period
8:34 of 3rd period - Griffins goal is going for a video replay. After video review, Goal.

Finance

Level 1 -- Attendance: 1408 (70.40%) -- Ticket Income $49,280
Level 2 -- Attendance: 787 (78.70%) -- Ticket Income $11,805
Total Attendance: 2195 (73.17%)
Total Ticket Income: $61,085
Other Income: $29,932
Total Income: $91,017

Monsters

5 vs 5 Forward 
   Center                   Left Wing                Right Wing               Time % Phy DF OF 
 1 Barclay Goodrow          Mitch Callahan           Steven Pinizzotto        35     1   2  2  
 2 Jordan Weal              Quinton Howden           Viktor Arvidsson         30     1   2  2  
 3 Scott Timmins            Jeff Hoggan              Cal O'Reilly             22     1   2  2  
 4 Chase Balisy             Blair Riley              Mitch Callahan           13     1   2  2  

5 vs 5 Defense 
   Defense                  Defense                                           Time % Phy DF OF 
 1 Mac Bennett              Matt MacKenzie                                    35     1   2  2  
 2 Troy Rutkowski           FARM PLAYER13                                     30     1   2  2  
 3 FARM PLAYER16            Kris Fredheim                                     22     1   2  2  
 4 Mac Bennett              Matt MacKenzie                                    13     1   2  2  

PowerPlay Forward 
   Center                   Left Wing                Right Wing               Time % Phy DF OF 
 1 Scott Timmins            Mitch Callahan           Steven Pinizzotto        60     1   2  2  
 2 Jordan Weal              Quinton Howden           Viktor Arvidsson         40     1   2  2  

PowerPlay Defense
   Defense                  Defense                                           Time % Phy DF OF 
 1 Mac Bennett              Matt MacKenzie                                    60     1   2  2  
 2 Troy Rutkowski           FARM PLAYER13                                     40     1   2  2  

Penalty Kill 4 Players Forward 
   Center                   Wing                     Time % Phy DF OF 
 1 Barclay Goodrow          Jordan Weal              60     1   2  2  
 2 Mitch Callahan           Steven Pinizzotto        40     1   2  2  

Penalty Kill 4 Players Defense
   Defense                  Defense                  Time % Phy DF OF 
 1 Mac Bennett              Matt MacKenzie           60     1   2  2  
 2 Troy Rutkowski           FARM PLAYER13            40     1   2  2  

Penalty Kill - 3 Players Forward 
   Forward                                           Time % Phy DF OF 
 1 Mitch Callahan                                    60     1   2  2  
 2 Jordan Weal                                       40     1   2  2  

Penalty Kill - 3 Players Defense
   Defense                  Defense                  Time % Phy DF OF 
 1 Mac Bennett              Matt MacKenzie           60     1   2  2  
 2 Troy Rutkowski           FARM PLAYER13            40     1   2  2  

4 vs 4 Forward 
   Center                   Wing                     Time % Phy DF OF 
 1 Scott Timmins            Jordan Weal              60     1   2  2  
 2 Mitch Callahan           Steven Pinizzotto        40     1   2  2  

4 vs 4 Defense
   Defense                  Defense                  Time % Phy DF OF 
 1 Mac Bennett              Matt MacKenzie           60     1   2  2  
 2 Troy Rutkowski           FARM PLAYER13            40     1   2  2  

Last Minutes Offensive
   Center                   Left Wing                Right Wing               Defense                  Defense                  
   Barclay Goodrow          Mitch Callahan           Steven Pinizzotto        Mac Bennett              Matt MacKenzie           

Last Minutes Defensive
   Center                   Left Wing                Right Wing               Defense                  Defense                  
   Barclay Goodrow          Mitch Callahan           Steven Pinizzotto        Mac Bennett              Matt MacKenzie           

Goaltenders
Starting : FARM GOALIE1             
Backup : FARM GOALIE2             

Extra Forwards
Normal : Charles Hudon, Scott Timmins, Jeff Hoggan - PP : Charles Hudon, Scott Timmins - PK : Jeff Hoggan
Extra Defensemen
Normal : FARM PLAYER16, Mac Bennett, Troy Rutkowski - PP : FARM PLAYER16 - PK : Matt MacKenzie, Troy Rutkowski
Penalty Shots
FARM PLAYER13, Jordan Weal, Mitch Callahan, Steven Pinizzotto, Scott Timmins

Griffins

5 vs 5 Forward 
   Center                   Left Wing                Right Wing               Time % Phy DF OF 
 1 Tim Schaller             Damien Brunner           Matt Frattin             35     1   2  2  
 2 Michael Bournival        Steve Bernier            Mark Mancari             30     1   2  2  
 3 T.J. Hensick             Mike Angelidis           Joel Armia               22     1   2  2  
 4 Damien Brunner           Stefan Matteau           John McFarland           13     1   2  2  

5 vs 5 Defense 
   Defense                  Defense                                           Time % Phy DF OF 
 1 Jyrki Jokipakka          Taylor Aronson                                    35     1   2  2  
 2 Dylan Reese              Mark Alt                                          30     1   2  2  
 3 Scott Valentine          Nicklas Grossmann                                 22     1   2  2  
 4 Jyrki Jokipakka          Taylor Aronson                                    13     1   2  2  

PowerPlay Forward 
   Center                   Left Wing                Right Wing               Time % Phy DF OF 
 1 Tim Schaller             Damien Brunner           Matt Frattin             60     1   2  2  
 2 Michael Bournival        Mike Angelidis           Mark Mancari             40     1   2  2  

PowerPlay Defense
   Defense                  Defense                                           Time % Phy DF OF 
 1 Jyrki Jokipakka          Taylor Aronson                                    60     1   2  2  
 2 Dylan Reese              Mark Alt                                          40     1   2  2  

Penalty Kill 4 Players Forward 
   Center                   Wing                     Time % Phy DF OF 
 1 Damien Brunner           Tim Schaller             60     1   2  2  
 2 Matt Frattin             Michael Bournival        40     1   2  2  

Penalty Kill 4 Players Defense
   Defense                  Defense                  Time % Phy DF OF 
 1 Jyrki Jokipakka          Taylor Aronson           60     1   2  2  
 2 Dylan Reese              Mark Alt                 40     1   2  2  

Penalty Kill - 3 Players Forward 
   Forward                                           Time % Phy DF OF 
 1 Damien Brunner                                    60     1   2  2  
 2 Tim Schaller                                      40     1   2  2  

Penalty Kill - 3 Players Defense
   Defense                  Defense                  Time % Phy DF OF 
 1 Jyrki Jokipakka          Taylor Aronson           60     1   2  2  
 2 Dylan Reese              Mark Alt                 40     1   2  2  

4 vs 4 Forward 
   Center                   Wing                     Time % Phy DF OF 
 1 Damien Brunner           Tim Schaller             60     1   2  2  
 2 Matt Frattin             Michael Bournival        40     1   2  2  

4 vs 4 Defense
   Defense                  Defense                  Time % Phy DF OF 
 1 Jyrki Jokipakka          Taylor Aronson           60     1   2  2  
 2 Dylan Reese              Mark Alt                 40     1   2  2  

Last Minutes Offensive
   Center                   Left Wing                Right Wing               Defense                  Defense                  
   Tim Schaller             Damien Brunner           Matt Frattin             Jyrki Jokipakka          Taylor Aronson           

Last Minutes Defensive
   Center                   Left Wing                Right Wing               Defense                  Defense                  
   Tim Schaller             Damien Brunner           Matt Frattin             Jyrki Jokipakka          Taylor Aronson           

Goaltenders
Starting : Anton Forsberg           
Backup : Peter Budaj              

Extra Forwards
Normal : Logan Shaw, Mike Angelidis, Stefan Matteau - PP : Logan Shaw, Mike Angelidis - PK : Stefan Matteau
Extra Defensemen
Normal : Scott Valentine, Jyrki Jokipakka, Dylan Reese - PP : Scott Valentine - PK : Taylor Aronson, Dylan Reese
Penalty Shots
Damien Brunner, Tim Schaller, Matt Frattin, Michael Bournival, Stefan Matteau

% Time on Ice - Monsters

Lines # - Real PCT - Wanted PCT - Time Play
Normal Forward
1 - 22% - 35% - 9:07
2 - 33% - 30% - 13:36
3 - 26% - 22% - 10:33
4 - 19% - 13% - 7:48
Normal Defense
1 - 34% - 35% - 13:51
2 - 34% - 30% - 13:57
3 - 27% - 22% - 11:00
4 - 6% - 13% - 2:16
PP Forward
1 - 51% - 60% - 6:36
2 - 49% - 40% - 6:23
PP Defense
1 - 68% - 60% - 8:48
2 - 32% - 40% - 4:11
PK Forward
1 - 89% - 60% - 5:18
2 - 11% - 40% - 0:39
PK Defense
1 - 55% - 60% - 3:18
2 - 45% - 40% - 2:39
PK3 Forward
1 - 0% - 60%
2 - 0% - 40%
PK3 Defense
1 - 0% - 60%
2 - 0% - 40%
44 Forward
1 - 0% - 60%
2 - 0% - 40%
44 Defense
1 - 0% - 60%
2 - 0% - 40%
Last Minute Offensive  - 0:00
Last Minute Defensive  - 0:00
Total
Forward - 60:00
Defense - 60:00

% Time on Ice - Griffins

Lines # - Real PCT - Wanted PCT - Time Play
Normal Forward
1 - 22% - 35% - 9:04
2 - 35% - 30% - 14:22
3 - 30% - 22% - 12:12
4 - 13% - 13% - 5:26
Normal Defense
1 - 30% - 35% - 12:10
2 - 34% - 30% - 14:02
3 - 31% - 22% - 12:42
4 - 5% - 13% - 2:10
PP Forward
1 - 54% - 60% - 3:13
2 - 46% - 40% - 2:44
PP Defense
1 - 63% - 60% - 3:44
2 - 37% - 40% - 2:13
PK Forward
1 - 82% - 60% - 10:41
2 - 18% - 40% - 2:18
PK Defense
1 - 75% - 60% - 9:45
2 - 25% - 40% - 3:14
PK3 Forward
1 - 0% - 60%
2 - 0% - 40%
PK3 Defense
1 - 0% - 60%
2 - 0% - 40%
44 Forward
1 - 0% - 60%
2 - 0% - 40%
44 Defense
1 - 0% - 60%
2 - 0% - 40%
Last Minute Offensive  - 0:00
Last Minute Defensive  - 0:00
Total
Forward - 60:00
Defense - 60:00

Play by Play

1st period


0:01 of 1st period - Tim Schaller wins face-off versus Barclay Goodrow in neutral zone.
0:36 of 1st period - Wrist shot by Damien Brunner.
0:36 of 1st period - Shot Misses the Net.
1:29 of 1st period - Icing by Michael Bournival.
1:30 of 1st period - Scott Timmins wins face-off versus Michael Bournival in Griffins zone.
2:36 of 1st period - Kris Fredheim is hit by Stefan Matteau and loses puck.
2:41 of 1st period - Wrist shot by Damien Brunner.
2:41 of 1st period - Shot Misses the Net.
3:03 of 1st period - Blair Riley is hit by John McFarland and loses puck.
3:42 of 1st period - Damien Brunner is hit by Mac Bennett and loses puck.
4:11 of 1st period - Viktor Arvidsson is hit by Joel Armia and loses puck.
4:50 of 1st period - Slapshot by Steven Pinizzotto.
4:50 of 1st period - Stopped by Anton Forsberg with a rebound.
4:54 of 1st period - Snap shot by Mitch Callahan.
4:54 of 1st period - Deflect By Barclay Goodrow.
4:54 of 1st period - Shot Blocked by Jyrki Jokipakka.
4:54 of 1st period - Puck is out of play.
4:55 of 1st period - Damien Brunner wins face-off versus Chase Balisy in Griffins zone.
5:02 of 1st period - Mitch Callahan is hit by Mark Alt and loses puck.
5:23 of 1st period - Mike Angelidis and Troy Rutkowski fight to a draw.
5:23 of 1st period - Penalty to Mike Angelidis for Fighting.
5:23 of 1st period - Penalty to Troy Rutkowski for Fighting.
5:24 of 1st period - T.J. Hensick wins face-off versus Jordan Weal in neutral zone.
5:43 of 1st period - Snap shot by T.J. Hensick.
5:43 of 1st period - Shot Misses the Net.
6:01 of 1st period - Kris Fredheim is hit by Scott Valentine and loses puck.
6:32 of 1st period - Snap shot by Scott Timmins.
6:32 of 1st period - Shot Misses the Net.
7:15 of 1st period - Taylor Aronson is hit by Barclay Goodrow and loses puck.
7:44 of 1st period - Joel Armia is hit by Chase Balisy and loses puck.
8:36 of 1st period - Wrist shot by Michael Bournival.
8:36 of 1st period - Stopped by FARM GOALIE1 with a rebound.
9:52 of 1st period - Snap shot by T.J. Hensick.
9:52 of 1st period - Goal by T.J. Hensick - Monsters : 0 - Griffins : 1.
9:53 of 1st period - Scott Timmins wins face-off versus Michael Bournival in neutral zone.
10:22 of 1st period - Mark Mancari is hit by Matt MacKenzie and loses puck.
10:44 of 1st period - Off-side.
10:45 of 1st period - Tim Schaller wins face-off versus Steven Pinizzotto in neutral zone.
11:18 of 1st period - Snap shot by Mike Angelidis.
11:18 of 1st period - Stopped by FARM GOALIE1 with a rebound.
11:20 of 1st period - Snap shot by Mike Angelidis.
11:20 of 1st period - Shot Misses the Net.
11:22 of 1st period - Slapshot by T.J. Hensick.
11:22 of 1st period - Goal by T.J. Hensick - Monsters : 0 - Griffins : 2.
11:23 of 1st period - Jordan Weal wins face-off versus Michael Bournival in neutral zone.
12:19 of 1st period - Snap shot by Mike Angelidis.
12:19 of 1st period - Goal by Mike Angelidis - Monsters : 0 - Griffins : 3.
12:20 of 1st period - Tim Schaller wins face-off versus Scott Timmins in neutral zone.
13:24 of 1st period - Off-side.
13:25 of 1st period - Michael Bournival wins face-off versus Barclay Goodrow in neutral zone.
14:17 of 1st period - Snap shot by Jordan Weal.
14:17 of 1st period - Stopped by Anton Forsberg with a rebound.
14:19 of 1st period - Slapshot by Kris Fredheim.
14:19 of 1st period - Stopped by Anton Forsberg with a rebound.
14:21 of 1st period - Backhand shot by Viktor Arvidsson.
14:21 of 1st period - Deflect By Jordan Weal.
14:21 of 1st period - Shot Blocked by Mark Alt.
14:21 of 1st period - Puck is out of play.
14:22 of 1st period - Tim Schaller wins face-off versus Scott Timmins in Griffins zone.
14:39 of 1st period - Slapshot by Damien Brunner.
14:39 of 1st period - Goal by Damien Brunner - Monsters : 0 - Griffins : 4.
14:39 of 1st period - FARM GOALIE2 enters game.
14:40 of 1st period - Tim Schaller wins face-off versus Barclay Goodrow in neutral zone.
14:47 of 1st period - Wrist shot by Matt Frattin.
14:47 of 1st period - Shot Misses the Net.
14:49 of 1st period - Minor Penalty to Steven Pinizzotto for Roughing.
14:50 of 1st period - Tim Schaller wins face-off versus Barclay Goodrow in Monsters zone.
15:44 of 1st period - Jordan Weal is hit by Mark Mancari and loses puck.
16:41 of 1st period - Mike Angelidis is hit by Troy Rutkowski and loses puck.
16:49 of 1st period - Penalty to Steven Pinizzotto is over, Steven Pinizzotto is back on ice.
17:04 of 1st period - Steven Pinizzotto is hit by Mark Alt and loses puck.
19:02 of 1st period - Mark Alt is hit by Mitch Callahan and loses puck.
19:44 of 1st period - Damien Brunner is hit by Viktor Arvidsson.
19:58 of 1st period - Slapshot by Michael Bournival.
19:58 of 1st period - Goal by Michael Bournival - Monsters : 0 - Griffins : 5.
19:59 of 1st period - Barclay Goodrow wins face-off versus Michael Bournival in neutral zone.
Goals for this period are 0 for Monsters vs 5 for Griffins.
Shots for this period are 3 for Monsters vs 7 for Griffins.

2nd period


0:01 of 2nd period - Tim Schaller wins face-off versus Barclay Goodrow in neutral zone.
0:13 of 2nd period - Matt Frattin beats up Mitch Callahan.
0:13 of 2nd period - Penalty to Matt Frattin for Fighting.
0:13 of 2nd period - Penalty to Mitch Callahan for Fighting.
0:13 of 2nd period - Penalty to Matt Frattin for instigated a fight.
0:13 of 2nd period - Penalty to Matt Frattin for instigated a fight.
0:14 of 2nd period - Tim Schaller wins face-off versus Scott Timmins in Monsters zone.
0:25 of 2nd period - Snap shot by Steven Pinizzotto.
0:25 of 2nd period - Stopped by Anton Forsberg with a rebound.
0:27 of 2nd period - Wrist shot by Scott Timmins.
0:27 of 2nd period - Shot Misses the Net.
0:29 of 2nd period - Slapshot by Mac Bennett.
0:29 of 2nd period - Shot Blocked by Taylor Aronson.
0:31 of 2nd period - Slapshot by Charles Hudon.
0:31 of 2nd period - Shot Misses the Net.
0:33 of 2nd period - Snap shot by Charles Hudon.
0:33 of 2nd period - Stopped by Anton Forsberg without a rebound.
0:34 of 2nd period - Scott Timmins wins face-off versus Damien Brunner in Griffins zone.
1:13 of 2nd period - Snap shot by Viktor Arvidsson.
1:13 of 2nd period - Shot Blocked by Taylor Aronson.
1:29 of 2nd period - Snap shot by Jordan Weal.
1:29 of 2nd period - Shot Misses the Net.
1:31 of 2nd period - Slapshot by Troy Rutkowski.
1:31 of 2nd period - Deflect By Damien Brunner.
1:31 of 2nd period - Stopped by Anton Forsberg with a rebound.
1:33 of 2nd period - Slapshot by FARM PLAYER13.
1:33 of 2nd period - Shot Blocked by Damien Brunner.
1:35 of 2nd period - Snap shot by Jordan Weal.
1:35 of 2nd period - Shot Misses the Net.
1:37 of 2nd period - Wrist shot by Viktor Arvidsson.
1:37 of 2nd period - Stopped by Anton Forsberg without a rebound.
1:38 of 2nd period - Damien Brunner wins face-off versus Scott Timmins in Griffins zone.
2:01 of 2nd period - Slapshot by Mark Alt.
2:01 of 2nd period - Goal by Mark Alt - Monsters : 0 - Griffins : 6.
2:02 of 2nd period - Jordan Weal wins face-off versus Damien Brunner in neutral zone.
2:13 of 2nd period - Penalty to Matt Frattin is over, Stefan Matteau is send on ice.
2:33 of 2nd period - Troy Rutkowski is hit by Mark Alt and loses puck.
2:35 of 2nd period - Troy Rutkowski beats up Mark Mancari.
2:35 of 2nd period - Penalty to Mark Mancari for Fighting.
2:35 of 2nd period - Penalty to Troy Rutkowski for Fighting.
2:36 of 2nd period - Michael Bournival wins face-off versus Barclay Goodrow in Monsters zone.
3:00 of 2nd period - Off-side.
3:01 of 2nd period - Jordan Weal wins face-off versus T.J. Hensick in neutral zone.
3:18 of 2nd period - Snap shot by Viktor Arvidsson.
3:18 of 2nd period - Deflect By Jordan Weal.
3:18 of 2nd period - Shot Misses the Net.
3:18 of 2nd period - Puck is out of play.
3:19 of 2nd period - T.J. Hensick wins face-off versus Jordan Weal in Griffins zone.
3:31 of 2nd period - Mike Angelidis is hit by FARM PLAYER13.
3:36 of 2nd period - Off-side.
3:37 of 2nd period - Tim Schaller wins face-off versus Steven Pinizzotto in neutral zone.
3:40 of 2nd period - Snap shot by Jyrki Jokipakka.
3:40 of 2nd period - Shot Misses the Net.
4:28 of 2nd period - Chase Balisy is hit by Mike Angelidis.
4:31 of 2nd period - Mike Angelidis and Blair Riley fight to a draw.
4:31 of 2nd period - Penalty to Mike Angelidis for Fighting.
4:31 of 2nd period - Penalty to Blair Riley for Fighting.
4:32 of 2nd period - Jordan Weal wins face-off versus Michael Bournival in neutral zone.
5:21 of 2nd period - Mitch Callahan is hit by Mark Alt and loses puck.
5:34 of 2nd period - Snap shot by Mitch Callahan.
5:34 of 2nd period - Deflect By Barclay Goodrow.
5:34 of 2nd period - Stopped by Anton Forsberg with a rebound.
5:36 of 2nd period - Snap shot by Mitch Callahan.
5:36 of 2nd period - Shot Misses the Net.
5:38 of 2nd period - Snap shot by Mitch Callahan.
5:38 of 2nd period - Stopped by Anton Forsberg without a rebound.
5:39 of 2nd period - T.J. Hensick wins face-off versus Scott Timmins in Griffins zone.
6:29 of 2nd period - Icing by Charles Hudon.
6:30 of 2nd period - Chase Balisy wins face-off versus Michael Bournival in Monsters zone.
6:30 of 2nd period - Chase Balisy is hit by Nicklas Grossmann.
6:42 of 2nd period - Mitch Callahan is hit by Michael Bournival.
6:50 of 2nd period - Nicklas Grossmann is hit by Mac Bennett and loses puck.
6:57 of 2nd period - Mitch Callahan is hit by Stefan Matteau.
7:01 of 2nd period - Mark Alt is hit by Matt MacKenzie and loses puck.
7:16 of 2nd period - Slapshot by Joel Armia.
7:16 of 2nd period - Stopped by FARM GOALIE2 with a rebound.
7:28 of 2nd period - Snap shot by Viktor Arvidsson.
7:28 of 2nd period - Stopped by Anton Forsberg with a rebound.
7:30 of 2nd period - Slapshot by Viktor Arvidsson.
7:30 of 2nd period - Shot Misses the Net.
7:32 of 2nd period - Slapshot by Quinton Howden.
7:32 of 2nd period - Stopped by Anton Forsberg with a rebound.
7:34 of 2nd period - Snap shot by Quinton Howden.
7:34 of 2nd period - Shot Misses the Net.
7:36 of 2nd period - Slapshot by Quinton Howden.
7:36 of 2nd period - Stopped by Anton Forsberg with a rebound.
7:38 of 2nd period - Snap shot by Jordan Weal.
7:38 of 2nd period - Shot Blocked by Nicklas Grossmann.
7:44 of 2nd period - Snap shot by Quinton Howden.
7:44 of 2nd period - Stopped by Anton Forsberg with a rebound.
8:15 of 2nd period - Minor Penalty to Damien Brunner for Roughing.
8:16 of 2nd period - Stefan Matteau wins face-off versus Scott Timmins in Griffins zone.
8:39 of 2nd period - Snap shot by Scott Timmins.
8:39 of 2nd period - Stopped by Anton Forsberg with a rebound.
9:04 of 2nd period - Off-side.
9:05 of 2nd period - Michael Bournival wins face-off versus Jordan Weal in neutral zone.
9:08 of 2nd period - Slapshot by Tim Schaller.
9:08 of 2nd period - Deflect By Michael Bournival.
9:08 of 2nd period - Goal by Michael Bournival - Monsters : 0 - Griffins : 7.
9:09 of 2nd period - Steven Pinizzotto wins face-off versus Stefan Matteau in neutral zone.
9:31 of 2nd period - Penalty to Mike Angelidis is over, Mike Angelidis is back on ice.
10:03 of 2nd period - Jordan Weal is hit by Stefan Matteau and loses puck.
10:15 of 2nd period - Penalty to Damien Brunner is over, Damien Brunner is back on ice.
10:37 of 2nd period - Wrist shot by T.J. Hensick.
10:37 of 2nd period - Stopped by FARM GOALIE2 with a rebound.
11:03 of 2nd period - Wrist shot by Joel Armia.
11:03 of 2nd period - Stopped by FARM GOALIE2 with a rebound.
12:06 of 2nd period - Slapshot by Damien Brunner.
12:06 of 2nd period - Shot Misses the Net.
12:26 of 2nd period - Wrist shot by Mike Angelidis.
12:26 of 2nd period - Stopped by FARM GOALIE2 with a rebound.
12:30 of 2nd period - Wrist shot by Joel Armia.
12:30 of 2nd period - Shot Misses the Net.
12:32 of 2nd period - Snap shot by Mike Angelidis.
12:32 of 2nd period - Goal by Mike Angelidis - Monsters : 0 - Griffins : 8.
12:32 of 2nd period - FARM GOALIE1 enters game.
12:33 of 2nd period - Michael Bournival wins face-off versus Barclay Goodrow in neutral zone.
12:50 of 2nd period - Slapshot by Steve Bernier.
12:50 of 2nd period - Goal by Steve Bernier - Monsters : 0 - Griffins : 9.
12:51 of 2nd period - T.J. Hensick wins face-off versus Scott Timmins in neutral zone.
13:24 of 2nd period - Snap shot by Scott Timmins.
13:24 of 2nd period - Stopped by Anton Forsberg with a rebound.
13:26 of 2nd period - Snap shot by Scott Timmins.
13:26 of 2nd period - Shot Misses the Net.
13:31 of 2nd period - Minor Penalty to Joel Armia for Hooking.
13:32 of 2nd period - Jordan Weal wins face-off versus Damien Brunner in Griffins zone.
13:48 of 2nd period - Wrist shot by Quinton Howden.
13:48 of 2nd period - Shot Misses the Net.
13:50 of 2nd period - Wrist shot by Quinton Howden.
13:50 of 2nd period - Stopped by Anton Forsberg with a rebound.
14:22 of 2nd period - Michael Bournival is hit by Steven Pinizzotto and loses puck.
15:13 of 2nd period - 10 Minutes Misconduct Penalty to Matt Frattin is over.
15:31 of 2nd period - Penalty to Joel Armia is over, Joel Armia is back on ice.
15:41 of 2nd period - Wrist shot by Matt Frattin.
15:41 of 2nd period - Shot Misses the Net.
15:43 of 2nd period - Slapshot by Mark Alt.
15:43 of 2nd period - Shot Misses the Net.
15:53 of 2nd period - Wrist shot by Mitch Callahan.
15:53 of 2nd period - Shot Blocked by Nicklas Grossmann.
16:23 of 2nd period - Scott Timmins is hit by Scott Valentine.
16:27 of 2nd period - Joel Armia is hit by Cal O'Reilly and loses puck.
18:12 of 2nd period - Snap shot by Matt Frattin.
18:12 of 2nd period - Shot Misses the Net.
18:30 of 2nd period - Wrist shot by Michael Bournival.
18:30 of 2nd period - Shot Blocked by Scott Timmins.
18:32 of 2nd period - Snap shot by Mark Alt.
18:32 of 2nd period - Shot Blocked by Cal O'Reilly.
18:34 of 2nd period - Snap shot by Michael Bournival.
18:34 of 2nd period - Goal by Michael Bournival - Monsters : 0 - Griffins : 10.
18:35 of 2nd period - T.J. Hensick wins face-off versus Jordan Weal in neutral zone.
18:38 of 2nd period - Slapshot by Jyrki Jokipakka.
18:38 of 2nd period - Shot Blocked by Quinton Howden.
18:40 of 2nd period - Slapshot by Jyrki Jokipakka.
18:40 of 2nd period - Goal by Jyrki Jokipakka - Monsters : 0 - Griffins : 11.
18:41 of 2nd period - Jordan Weal wins face-off versus Tim Schaller in neutral zone.
18:44 of 2nd period - Snap shot by Jordan Weal.
18:44 of 2nd period - Deflect By Quinton Howden.
18:44 of 2nd period - Shot Misses the Net.
18:44 of 2nd period - Puck is out of play.
18:45 of 2nd period - Jordan Weal wins face-off versus Tim Schaller in Griffins zone.
18:46 of 2nd period - Snap shot by Viktor Arvidsson.
18:46 of 2nd period - Shot Misses the Net.
18:48 of 2nd period - Wrist shot by Quinton Howden.
18:48 of 2nd period - Stopped by Anton Forsberg with a rebound.
18:50 of 2nd period - Wrist shot by Viktor Arvidsson.
18:50 of 2nd period - Stopped by Anton Forsberg with a rebound.
18:52 of 2nd period - Snap shot by Jordan Weal.
18:52 of 2nd period - Shot Misses the Net.
18:54 of 2nd period - Snap shot by Jordan Weal.
18:54 of 2nd period - Stopped by Anton Forsberg with a rebound.
18:56 of 2nd period - Backhand shot by Matt MacKenzie.
18:56 of 2nd period - Shot Blocked by Matt Frattin.
19:14 of 2nd period - Minor Penalty to Taylor Aronson for High sticking.
19:15 of 2nd period - Damien Brunner wins face-off versus Jordan Weal in Griffins zone.
19:30 of 2nd period - Icing by Mac Bennett.
19:31 of 2nd period - Jordan Weal wins face-off versus Damien Brunner in Monsters zone.
Goals for this period are 0 for Monsters vs 6 for Griffins.
Shots for this period are 16 for Monsters vs 10 for Griffins.

3rd period


0:01 of 3rd period - Damien Brunner wins face-off versus Scott Timmins in neutral zone.
0:19 of 3rd period - Slapshot by Damien Brunner.
0:19 of 3rd period - Shot Misses the Net.
1:02 of 3rd period - Damien Brunner is hit by Jordan Weal and loses puck.
1:14 of 3rd period - Penalty to Taylor Aronson is over, Taylor Aronson is back on ice.
2:17 of 3rd period - Kris Fredheim is hit by Scott Valentine and loses puck.
2:43 of 3rd period - Blair Riley is hit by Mark Mancari and loses puck.
3:08 of 3rd period - Jordan Weal is hit by Stefan Matteau and loses puck.
3:19 of 3rd period - Slapshot by Kris Fredheim.
3:19 of 3rd period - Stopped by Anton Forsberg with a rebound.
3:21 of 3rd period - Wrist shot by Viktor Arvidsson.
3:21 of 3rd period - Stopped by Anton Forsberg without a rebound.
3:22 of 3rd period - Jordan Weal wins face-off versus T.J. Hensick in Griffins zone.
3:28 of 3rd period - Taylor Aronson and Quinton Howden fight to a draw.
3:28 of 3rd period - Penalty to Taylor Aronson for Fighting.
3:28 of 3rd period - Penalty to Quinton Howden for Fighting.
3:29 of 3rd period - Michael Bournival wins face-off versus Jordan Weal in Griffins zone.
3:51 of 3rd period - Minor Penalty to Jordan Weal for Roughing.
3:52 of 3rd period - Tim Schaller wins face-off versus Barclay Goodrow in Monsters zone.
4:00 of 3rd period - Snap shot by Damien Brunner.
4:00 of 3rd period - Shot Misses the Net.
4:43 of 3rd period - FARM PLAYER13 is hit by Mike Angelidis and loses puck.
5:02 of 3rd period - Wrist shot by Mike Angelidis.
5:02 of 3rd period - Shot Blocked by Barclay Goodrow.
5:23 of 3rd period - Off-side.
5:24 of 3rd period - Tim Schaller wins face-off versus FARM PLAYER16 in neutral zone.
5:26 of 3rd period - Off-side.
5:27 of 3rd period - FARM PLAYER16 wins face-off versus Tim Schaller in neutral zone.
5:51 of 3rd period - Penalty to Jordan Weal is over, Jordan Weal is back on ice.
6:10 of 3rd period - Off-side.
6:11 of 3rd period - Chase Balisy wins face-off versus Damien Brunner in neutral zone.
7:14 of 3rd period - Minor Penalty to Mike Angelidis for Roughing.
7:15 of 3rd period - Damien Brunner wins face-off versus Scott Timmins in Griffins zone.
8:05 of 3rd period - Snap shot by Jordan Weal.
8:05 of 3rd period - Stopped by Anton Forsberg without a rebound.
8:06 of 3rd period - Damien Brunner wins face-off versus Viktor Arvidsson in Griffins zone.
8:17 of 3rd period - Snap shot by Viktor Arvidsson.
8:17 of 3rd period - Shot Misses the Net.
8:19 of 3rd period - Slapshot by FARM PLAYER13.
8:19 of 3rd period - Deflect By Damien Brunner.
8:19 of 3rd period - Goal by FARM PLAYER13 - Monsters : 1 - Griffins : 11.
8:20 of 3rd period - Barclay Goodrow wins face-off versus Michael Bournival in neutral zone.
8:22 of 3rd period - Off-side.
8:23 of 3rd period - Barclay Goodrow wins face-off versus Michael Bournival in neutral zone.
8:32 of 3rd period - Wrist shot by Michael Bournival.
8:32 of 3rd period - Shot Blocked by Barclay Goodrow.
8:34 of 3rd period - Wrist shot by Mark Mancari.
8:34 of 3rd period - Griffins goal is going for a video replay.
8:34 of 3rd period - The goal is good.
8:34 of 3rd period - Goal by Mark Mancari - Monsters : 1 - Griffins : 12.
8:35 of 3rd period - Barclay Goodrow wins face-off versus Michael Bournival in neutral zone.
8:48 of 3rd period - Snap shot by Mitch Callahan.
8:48 of 3rd period - Shot Blocked by Jyrki Jokipakka.
8:50 of 3rd period - Backhand shot by Steven Pinizzotto.
8:50 of 3rd period - Stopped by Anton Forsberg with a rebound.
9:10 of 3rd period - Snap shot by Steven Pinizzotto.
9:10 of 3rd period - Shot Misses the Net.
9:33 of 3rd period - Mark Alt is hit by Viktor Arvidsson and loses puck.
9:51 of 3rd period - Minor Penalty to Matt MacKenzie for Interference.
9:52 of 3rd period - Barclay Goodrow wins face-off versus Tim Schaller in Monsters zone.
10:47 of 3rd period - FARM PLAYER13 is hit by Mark Alt and loses puck.
11:50 of 3rd period - Steven Pinizzotto is hit by Tim Schaller and loses puck.
11:51 of 3rd period - Penalty to Matt MacKenzie is over, Matt MacKenzie is back on ice.
12:14 of 3rd period - Minor Penalty to Mike Angelidis for Holding.
12:15 of 3rd period - Damien Brunner wins face-off versus Scott Timmins in Griffins zone.
12:38 of 3rd period - Wrist shot by Steven Pinizzotto.
12:38 of 3rd period - Stopped by Anton Forsberg with a rebound.
12:40 of 3rd period - Slapshot by Steven Pinizzotto.
12:40 of 3rd period - Stopped by Anton Forsberg with a rebound.
12:42 of 3rd period - Snap shot by Steven Pinizzotto.
12:42 of 3rd period - Shot Misses the Net.
13:04 of 3rd period - Jordan Weal is hit by Mark Alt.
14:14 of 3rd period - Penalty to Mike Angelidis is over, Mike Angelidis is back on ice.
14:29 of 3rd period - Minor Penalty to Joel Armia for Tripping.
14:30 of 3rd period - Jordan Weal wins face-off versus Damien Brunner in Griffins zone.
15:50 of 3rd period - Snap shot by Mitch Callahan.
15:50 of 3rd period - Stopped by Anton Forsberg without a rebound.
15:51 of 3rd period - Scott Timmins wins face-off versus Stefan Matteau in Griffins zone.
16:29 of 3rd period - Penalty to Joel Armia is over, Joel Armia is back on ice.
16:34 of 3rd period - Snap shot by Mitch Callahan.
16:34 of 3rd period - Stopped by Anton Forsberg with a rebound.
16:36 of 3rd period - Wrist shot by Mitch Callahan.
16:36 of 3rd period - Stopped by Anton Forsberg with a rebound.
16:38 of 3rd period - Wrist shot by Scott Timmins.
16:38 of 3rd period - Shot Misses the Net.
16:58 of 3rd period - Snap shot by Cal O'Reilly.
16:58 of 3rd period - Deflect By Jeff Hoggan.
16:58 of 3rd period - Shot Blocked by Michael Bournival.
16:58 of 3rd period - Puck is out of play.
16:59 of 3rd period - Charles Hudon wins face-off versus Michael Bournival in Griffins zone.
17:57 of 3rd period - Snap shot by Joel Armia.
17:57 of 3rd period - Stopped by FARM GOALIE1 with a rebound.
17:59 of 3rd period - Snap shot by Joel Armia.
17:59 of 3rd period - Stopped by FARM GOALIE1 with a rebound.
18:01 of 3rd period - Slapshot by Dylan Reese.
18:01 of 3rd period - Deflect By Mike Angelidis.
18:01 of 3rd period - Stopped by FARM GOALIE1 with a rebound.
18:03 of 3rd period - Wrist shot by Joel Armia.
18:03 of 3rd period - Shot Misses the Net.
18:05 of 3rd period - Slapshot by Dylan Reese.
18:05 of 3rd period - Deflect By T.J. Hensick.
18:05 of 3rd period - Shot Misses the Net.
18:05 of 3rd period - Puck is out of play.
18:06 of 3rd period - Jordan Weal wins face-off versus T.J. Hensick in Monsters zone.
18:57 of 3rd period - Stefan Matteau is hit by Charles Hudon and loses puck.
19:08 of 3rd period - Slapshot by Charles Hudon.
19:08 of 3rd period - Stopped by Anton Forsberg with a rebound.
19:20 of 3rd period - Wrist shot by Michael Bournival.
19:20 of 3rd period - Goal by Michael Bournival - Monsters : 1 - Griffins : 13.
19:21 of 3rd period - Jordan Weal wins face-off versus Michael Bournival in neutral zone.
19:48 of 3rd period - Snap shot by Jordan Weal.
19:48 of 3rd period - Shot Misses the Net.
Goals for this period are 1 for Monsters vs 2 for Griffins.
Shots for this period are 11 for Monsters vs 5 for Griffins.